General information
- name: BNet
- type: Ladder team game (AT/RT)
- host: Battle.net
- saver: lasthurrah
map: Deathknell
- players: 8
- length: 18:37
- speed: Fast
- version: 1.28 W3XP
- replay type: Public
» download(169 KB)
Players
team 1 (loser)
ZombiePizaJesus (
teal | 52 APM | 757 actions | 14:36)
2 Keeper of the Grove
1 Entangling Roots
1 Force of Nature
2 Priestess of the Moon
1 Scout
1 Trueshot Aura
» actions
| Assign group hotkey | 30 | |
| Basic commands | 33 | |
| Build / train | 41 | |
| Enter build submenu | 17 | |
| Enter hero's abilities submenu | 4 | |
| Right click | 305 | |
| Select / deselect | 131 | |
| Select group hotkey | 165 | |
| Use ability | 31 | |
757 total
» units
» upgrades
| Ultravision | 1 | |
| Strength of the Wild | 3 | |
| Abolish Magic | 1 | |
| Reinforced Hides | 1 | |
6 total
» buildings
| Altar of Elders | 1 | |
| Moon Well | 7 | |
| Hunter's Hall | 1 | |
| Tree of Ages | 2 | |
| Ancient of Lore | 2 | |
| Tree of Eternity | 2 | |
| Ancient of Wind | 1 | |
| Tree of Life | 2 | |
| Ancient of Wonders | 1 | |
19 total
» build order
01:02 Altar of Elders
01:09 Moon Well
02:13 Hunter's Hall
02:37 Moon Well
03:13 Tree of Ages
03:14 Tree of Ages
04:37 Moon Well
05:36 Ancient of Lore
05:39 Ancient of Lore
05:44 Moon Well
08:40 Tree of Eternity
08:40 Tree of Eternity
08:46 Moon Well
09:16 Ancient of Wind
10:53 Tree of Life
11:13 Ancient of Wonders
12:33 Moon Well
12:47 Moon Well
14:00 Tree of Life

»
DIRTYJEWFELD (
red | 44 APM | 712 actions | 16:01)
4 Keeper of the Grove
2 Force of Nature
2 Thorns Aura
2 Priestess of the Moon
1 Trueshot Aura
1 Searing Arrows
» actions
| Basic commands | 2 | |
| Build / train | 49 | |
| Enter build submenu | 13 | |
| Enter hero's abilities submenu | 6 | |
| Remove unit from queue | 1 | |
| Right click | 390 | |
| Select / deselect | 215 | |
| Use ability | 36 | |
712 total
» units
| Wisp | 10 | |
| Archer | 16 | |
| Hippogryph | 5 | |
31 total
» upgrades
| Hippogryph Taming | 1 | |
| Improved Bows | 1 | |
| Strength of the Moon | 1 | |
| Moon Armor | 1 | |
4 total
» buildings
| Altar of Elders | 1 | |
| Moon Well | 7 | |
| Ancient of War | 1 | |
| Tree of Ages | 1 | |
| Tree of Eternity | 2 | |
| Ancient of Wind | 2 | |
| Hunter's Hall | 1 | |
| Ancient of Wonders | 1 | |
16 total
» build order
00:22 Altar of Elders
00:36 Moon Well
01:05 Ancient of War
01:40 Moon Well
02:25 Moon Well
04:51 Tree of Ages
05:01 Moon Well
08:48 Tree of Eternity
08:48 Tree of Eternity
08:52 Ancient of Wind
08:53 Ancient of Wind
09:36 Hunter's Hall
09:41 Moon Well
09:44 Ancient of Wonders
11:27 Moon Well
14:09 Moon Well
» items
killpeondancer (
pink | 83 APM | 1209 actions | 14:32)
4 Archmage
2 Summon Water Elemental
2 Blizzard
» actions
| Assign group hotkey | 16 | |
| Basic commands | 191 | |
| Build / train | 58 | |
| Enter build submenu | 26 | |
| Enter hero's abilities submenu | 4 | |
| Give item / drop item | 3 | |
| Right click | 310 | |
| Select / deselect | 172 | |
| Select group hotkey | 385 | |
| Use ability | 44 | |
1209 total
» units
| Peasant | 13 | |
| Rifleman | 7 | |
| Mortar Team | 3 | |
| Priest | 5 | |
| Sorceress | 1 | |
| Knight | 1 | |
30 total
» upgrades
| Long Rifles | 1 | |
| Flare | 1 | |
| Fragmentation Shards | 1 | |
| Lumber Harvesting | 1 | |
| Priest Training | 2 | |
| Animal War Training | 1 | |
7 total
» buildings
| Altar of Kings | 1 | |
| Farm | 7 | |
| Blacksmith | 1 | |
| Barracks | 1 | |
| Arcane Vault | 1 | |
| Lumber Mill | 2 | |
| Scout Tower | 6 | |
| Arcane Tower | 1 | |
| Guard Tower | 3 | |
| Keep | 1 | |
| Castle | 1 | |
| Workshop | 2 | |
| Arcane Sanctum | 2 | |
| Town Hall | 1 | |
30 total
» build order
00:07 Altar of Kings
00:15 Farm
00:16 Farm
01:18 Blacksmith
01:43 Barracks
01:58 Arcane Vault
02:10 Farm
02:53 Lumber Mill
02:57 Lumber Mill
03:11 Scout Tower
03:16 Scout Tower
03:50 Arcane Tower
03:53 Farm
04:09 Guard Tower
04:36 Keep
04:58 Farm
05:51 Scout Tower
07:08 Guard Tower
07:10 Castle
07:20 Workshop
07:25 Workshop
07:40 Arcane Sanctum
08:06 Arcane Sanctum
08:33 Farm
09:33 Town Hall
09:59 Scout Tower
10:01 Scout Tower
10:03 Scout Tower
11:18 Guard Tower
11:24 Farm
» items
| Scroll of Regeneration | 6 | |
| Potion of Healing | 2 | |
| Scroll of Town Portal | 2 | |
10 total
totallynewb (
purple | 28 APM | 527 actions | 18:35)
4 Warden
2 Shadow Strike
2 Blink
» actions
| Assign group hotkey | 7 | |
| Basic commands | 2 | |
| Build / train | 44 | |
| Enter build submenu | 12 | |
| Enter hero's abilities submenu | 4 | |
| Right click | 211 | |
| Select / deselect | 212 | |
| Select group hotkey | 4 | |
| Use ability | 31 | |
527 total
» units
| Wisp | 12 | |
| Archer | 4 | |
| Faerie Dragon | 15 | |
31 total
» upgrades
| Strength of the Wild | 3 | |
| Reinforced Hides | 2 | |
5 total
» buildings
| Moon Well | 6 | |
| Altar of Elders | 1 | |
| Ancient of War | 1 | |
| Ancient of Wonders | 1 | |
| Tree of Ages | 1 | |
| Hunter's Hall | 1 | |
| Ancient of Wind | 2 | |
| Tree of Eternity | 1 | |
14 total
» build order
00:19 Moon Well
00:34 Altar of Elders
00:48 Ancient of War
01:22 Moon Well
02:11 Ancient of Wonders
02:17 Moon Well
03:06 Tree of Ages
05:26 Hunter's Hall
05:35 Ancient of Wind
05:36 Ancient of Wind
06:34 Moon Well
08:19 Tree of Eternity
11:53 Moon Well
12:59 Moon Well
» items
team 2 (winner)
TrU-SaY (
orange | 65 APM | 1211 actions | 18:36)
4 Demon Hunter
2 Evasion
2 Mana Burn
4 Beastmaster
2 Summon Quilbeast
1 Summon Hawk
1 Summon Bear
» actions
| Assign group hotkey | 42 | |
| Build / train | 58 | |
| Enter build submenu | 23 | |
| Enter hero's abilities submenu | 8 | |
| Give item / drop item | 2 | |
| Remove unit from queue | 7 | |
| Right click | 658 | |
| Select / deselect | 224 | |
| Select group hotkey | 149 | |
| Use ability | 40 | |
1211 total
» units
| Wisp | 20 | |
| Archer | 1 | |
| Huntress | 1 | |
| Gnoll Overseer | 1 | |
| Chimaera | 9 | |
| Hippogryph | -2 | |
30 total
» upgrades
| Strength of the Wild | 3 | |
| Reinforced Hides | 3 | |
| Corrosive Breath | 1 | |
7 total
» buildings
| Moon Well | 10 | |
| Altar of Elders | 1 | |
| Ancient of War | 2 | |
| Ancient of Wonders | 1 | |
| Tree of Ages | 1 | |
| Hunter's Hall | 1 | |
| Tree of Life | 1 | |
| Tree of Eternity | 1 | |
| Ancient of Wind | 1 | |
| Chimaera Roost | 3 | |
22 total
» build order
00:15 Moon Well
00:35 Altar of Elders
00:49 Moon Well
01:51 Ancient of War
02:09 Ancient of War
02:30 Ancient of Wonders
02:51 Moon Well
03:19 Tree of Ages
04:33 Moon Well
04:56 Hunter's Hall
05:22 Tree of Life
05:42 Moon Well
06:47 Tree of Eternity
06:51 Ancient of Wind
07:15 Moon Well
08:20 Moon Well
09:22 Chimaera Roost
09:27 Chimaera Roost
10:15 Chimaera Roost
10:19 Moon Well
13:08 Moon Well
15:15 Moon Well
» items
| Moonstone | 1 | |
| Staff of Preservation | 1 | |
| Scroll of Town Portal | 1 | |
3 total
lasthurrah (
green | 77 APM | 1431 actions | 18:37)
7 Blademaster
3 Wind Walk
3 Critical Strike
1 Bladestorm
» actions
| Assign group hotkey | 38 | |
| Basic commands | 12 | |
| Build / train | 66 | |
| Enter build submenu | 31 | |
| Enter hero's abilities submenu | 7 | |
| Give item / drop item | 2 | |
| Remove unit from queue | 2 | |
| Right click | 674 | |
| Select / deselect | 282 | |
| Select group hotkey | 205 | |
| Use ability | 112 | |
1431 total
» units
| Peon | 11 | |
| Grunt | 5 | |
| Goblin Shredder | 2 | |
| Troll Batrider | 8 | |
26 total
» upgrades
| Ranged Weapons | 3 | |
| Armor | 3 | |
| Troll Regeneration | 1 | |
| Liquid Fire | 1 | |
| Reinforced Defenses | 1 | |
9 total
» buildings
| Orc Burrow | 5 | |
| Altar of Storms | 1 | |
| Barracks | 1 | |
| Voodoo Lounge | 2 | |
| War Mill | 2 | |
| Stronghold | 1 | |
| Watch Tower | 15 | |
| Great Hall | 1 | |
| Beastiary | 4 | |
| Fortress | 1 | |
33 total
» build order
00:10 Orc Burrow
01:00 Altar of Storms
01:02 Barracks
01:10 Orc Burrow
01:44 Voodoo Lounge
02:40 War Mill
03:33 Stronghold
04:03 Watch Tower
04:05 Watch Tower
05:09 Great Hall
05:23 Orc Burrow
08:02 Beastiary
08:03 Beastiary
09:25 Fortress
09:52 Watch Tower
09:52 Watch Tower
09:57 Watch Tower
09:59 Watch Tower
11:15 War Mill
11:25 Orc Burrow
11:35 Orc Burrow
14:54 Watch Tower
14:56 Watch Tower
14:57 Watch Tower
14:58 Watch Tower
15:00 Watch Tower
16:13 Watch Tower
16:14 Watch Tower
16:39 Voodoo Lounge
16:41 Watch Tower
16:42 Watch Tower
17:48 Beastiary
17:51 Beastiary
» items
| Healing Salve | 6 | |
| Scroll of Town Portal | 5 | |
| Potion of Mana | 2 | |
| Lesser Clarity Potion | 3 | |
| Orb of Lightning | 1 | |
| Tiny Great Hall | 1 | |
| Potion of Healing | 1 | |
19 total
sunshine27 (
yellow | 17 APM | 320 actions | 18:36)
3 Shadow Hunter
1 Hex
2 Healing Wave
» actions
| Basic commands | 18 | |
| Build / train | 38 | |
| Enter build submenu | 18 | |
| Enter hero's abilities submenu | 3 | |
| Right click | 66 | |
| Select / deselect | 127 | |
| Use ability | 50 | |
320 total
» units
| Peon | 7 | |
| Grunt | 8 | |
| Mud Golem | 1 | |
| Gnoll Overseer | 1 | |
| Ice Troll Berserker | 1 | |
| Ice Troll Trapper | 1 | |
19 total
» upgrades
| Melee Weapons | 1 | |
| Armor | 1 | |
| Pillage | 1 | |
| Spiked Barricades | 1 | |
4 total
» buildings
| Orc Burrow | 5 | |
| Altar of Storms | 1 | |
| Barracks | 1 | |
| Voodoo Lounge | 1 | |
| War Mill | 1 | |
| Stronghold | 1 | |
| Watch Tower | 6 | |
| Fortress | 1 | |
17 total
» build order
00:08 Orc Burrow
00:13 Altar of Storms
00:54 Barracks
02:14 Voodoo Lounge
02:40 Orc Burrow
03:22 War Mill
05:49 Orc Burrow
08:20 Stronghold
08:45 Watch Tower
08:48 Watch Tower
08:54 Watch Tower
08:56 Watch Tower
09:14 Watch Tower
09:45 Watch Tower
09:58 Orc Burrow
10:03 Orc Burrow
11:07 Fortress
» items
| Scroll of Speed | 4 | |
| Lesser Clarity Potion | 1 | |
| Healing Salve | 1 | |
| Scroll of Town Portal | 1 | |
| Orb of Lightning | 1 | |
| Potion of Healing | 1 | |
9 total

»
Spleezy (
blue | 51 APM | 953 actions | 18:36)
5 Paladin
3 Divine Shield
2 Holy Light
» actions
| Assign group hotkey | 26 | |
| Build / train | 62 | |
| ESC pressed | 3 | |
| Enter build submenu | 32 | |
| Enter hero's abilities submenu | 5 | |
| Remove unit from queue | 1 | |
| Right click | 522 | |
| Select / deselect | 194 | |
| Select group hotkey | 61 | |
| Use ability | 47 | |
953 total
» units
| Peasant | 10 | |
| Footman | 8 | |
| Rifleman | 7 | |
| Knight | 7 | |
| Gryphon Rider | 8 | |
40 total
» upgrades
| Masonry | 1 | |
| Storm Hammers | 2 | |
| Animal War Training | 1 | |
4 total
» buildings
| Altar of Kings | 1 | |
| Farm | 11 | |
| Barracks | 1 | |
| Lumber Mill | 1 | |
| Scout Tower | 8 | |
| Guard Tower | 8 | |
| Keep | 2 | |
| Blacksmith | 1 | |
| Castle | 1 | |
| Gryphon Aviary | 2 | |
| Town Hall | 1 | |
37 total
» build order
00:11 Altar of Kings
00:28 Farm
00:57 Barracks
01:24 Farm
01:38 Lumber Mill
02:04 Farm
02:33 Scout Tower
02:47 Farm
02:54 Farm
03:24 Guard Tower
03:55 Scout Tower
03:57 Farm
04:20 Guard Tower
04:20 Guard Tower
04:36 Keep
04:36 Keep
04:51 Farm
05:33 Scout Tower
05:50 Blacksmith
05:59 Guard Tower
06:04 Scout Tower
07:07 Guard Tower
07:10 Farm
07:20 Castle
07:30 Scout Tower
07:52 Gryphon Aviary
08:03 Guard Tower
08:07 Scout Tower
08:55 Guard Tower
11:14 Scout Tower
11:17 Farm
11:24 Scout Tower
11:55 Town Hall
12:14 Guard Tower
15:39 Gryphon Aviary
17:21 Farm
18:28 Farm
Chat log
(00:45 / Allies) sunshine27: hi grunts taurens
(01:14 / All) sunshine27: quick close the gate and call the police
(01:23 / All) DIRTYJEWFELD: fuck yeah
(01:24 / All) totallynewb: HARD WORK
(01:29 / All) lasthurrah: YEEEEEH
(01:30 / All) totallynewb: YYYYYYYYYYYEEEEEAAAAAAAHHHHHHH
(01:32 / All) lasthurrah: YEEEEEEEH
(01:34 / All) lasthurrah: EEEJIT
(01:35 / All) sunshine27: the killer tomatoes are coming
(01:35 / All) ZombiePizaJesus: you people voted for hubert humphry!
(01:42 / All) ZombiePizaJesus: and you killed jesus!
(01:45 / All) totallynewb: HARD WORK
(02:26 / All) sunshine27: Jesus cant die...he never existed
(02:45 / All) totallynewb: HARD WORK
(03:00 / All) sunshine27: the easter bunny is my idol
(03:09 / All) DIRTYJEWFELD: ur moms ur idol?
(03:17 / All) sunshine27: what?
(03:32 / All) sunshine27: how dare you bring my mother into it
(03:51 / All) sunshine27: help
(04:07 / All) sunshine27: help me Jesus
(04:24 / All) ZombiePizaJesus: jesus hates you
(04:51 / All) sunshine27: lmao
(05:01 / All) sunshine27: hilarious
(05:28 / All) sunshine27: Jesus aint real...he didnt help me
(05:51 / All) DIRTYJEWFELD: cuz ur a peice of shit
(05:59 / All) ZombiePizaJesus: strue
(06:04 / All) sunshine27: you're going to hell for saying that red lol
(06:09 / All) ZombiePizaJesus: wait blue is my team right?
(06:22 / All) sunshine27: oh wait ..hell dont exist either
(06:26 / Allies) lasthurrah: hang on
(06:37 / All) sunshine27: lucky red
(06:42 / All) ZombiePizaJesus: the myth of sysiphus
(07:06 / All) sunshine27: i know a place where you can be red
(07:16 / All) DIRTYJEWFELD: in ur moms ass
(07:24 / All) sunshine27: the angry gamers lounge
(08:37 / Allies) lasthurrah: going bat
(08:44 / Allies) Spleezy: need gold
(10:22 / Allies) lasthurrah: he's massing dryad
(10:24 / All) sunshine27: lol
(10:28 / All) sunshine27: hilarious
(10:29 / Allies) TrU-SaY: blue take
(10:34 / All) ZombiePizaJesus: oh i assumed that was an illusion
(10:44 / All) totallynewb: NO IT MADE DMG
(10:50 / All) sunshine27: no it was jesus
(12:51 / Allies) lasthurrah: b
(15:23 / All) sunshine27: leave me be purple
(15:35 / All) sunshine27: stop being so savage lol
(16:03 / All) sunshine27: go support his towers thann
(17:05 / All) lasthurrah: don't attack it purple
(17:42 / All) lasthurrah: I was about to spare your hero too
(17:43 / All) lasthurrah: Tsk
(17:54 / All) totallynewb: huh?
(18:13 / All) lasthurrah: retard
(18:19 / All) sunshine27: when in trouble...call the police